 Dungeon Crawl Stone Soup version 0.25.0-11-g1f837a7 (webtiles) character file.

Game seed: 8210787883524971805

41 sieger the Grasshopper (level 3, 0/24 HPs)
             Began as a Halfling Warper on June 27, 2020.
             Succumbed to a kobold's poison
             ... on level 2 of the Dungeon.
             The game lasted 00:03:04 (1025 turns).

sieger the Grasshopper (Halfling Warper)            Turns: 1025, Time: 00:03:05

Health: 0/24       AC:  8    Str: 13    XL:     3   Next: 75%
Magic:  5/5        EV:  8    Int: 11    God:
Gold:   21         SH:  0    Dex: 13    Spells: 5/5 levels left

rFire    . . .     SeeInvis .   a - +0 short sword
rCold    . . .     Gourm    .   (shield restricted)
rNeg     . . .     Faith    .   h - +0 chain mail
rPois    .         Spirit   .   (no helmet)
rElec    .         Reflect  .   (no cloak)
rCorr    .         Harm     .   (no gloves)
MR       .....                  (no boots)
Stlth    ..........             (no amulet)
HPRegen  0.08/turn              (no ring)
MPRegen  0.09/turn              (no ring)

@: lethally poisoned (0 -> -13)
A: small, mutation resistance 1
a: no special abilities


You were on level 2 of the Dungeon.
You were not hungry.

You visited 1 branch of the dungeon, and saw 2 of its levels.

You collected 21 gold pieces.

Inventory:

Hand Weapons
 a - a +0 short sword (weapon)
Missiles
 e - 5 boomerangs of dispersal (quivered)
Armour
 b - a +0 leather armour
 h - a +0 chain mail (worn)
 k - a +1 robe of positive energy
Scrolls
 d - a scroll of blinking
 i - a scroll of teleportation {unknown}
Potions
 c - a potion of haste {unknown}
 j - a potion of magic {unknown}
Comestibles
 f - 2 rations


   Skills:
 + Level 2.2 Fighting
 + Level 3.0 Short Blades
 + Level 1.6 Throwing
 + Level 1.9 Armour
 + Level 2.6 Dodging
 - Level 1.5 Spellcasting
   Level 3.2 Translocations


You had 5 spell levels left.
You didn't know any spells.
Your spell library contained the following spells:

 Spells                   Type           Power        Failure   Level  Hunger
 Blink                    Tloc           N/A          98%         2    ###....
 Shroud of Golubria       Chrm/Tloc      #.....       100%        2    ###....
 Gell's Gravitas          Tloc           #.........   100%        3    ####...
 Lesser Beckoning         Tloc           #.........   100%        3    ####...
 Teleport Other           Tloc           #.......     100%        3    ####...
 Passage of Golubria      Tloc           N/A          100%        4    #####..


Dungeon Overview and Level Annotations

Branches:
Dungeon (2/15)

Altars:


Innate Abilities, Weirdness & Mutations

You are small and have problems with some larger weapons.
You are somewhat resistant to further mutation.


Message History

The poisoned dart completely misses the bat.
* * * LOW HITPOINT WARNING * * *
You feel sick. The bat hits you but does no damage. The bat barely misses you.
The bat hits you but does no damage.
* * * LOW HITPOINT WARNING * * *
You feel sick. The bat hits you but does no damage. The bat closely misses you.
The kobold hits you with a +0 dagger.
* * * LOW HITPOINT WARNING * * *
You closely miss the kobold. The bat hits you but does no damage. x2
The kobold hits you but does no damage.
You hit the kobold.
The kobold is moderately wounded.
* * * LOW HITPOINT WARNING * * *
You feel sick. The bat barely misses you. The bat hits you but does no damage.
The hobgoblin closely misses you. The bat hits you.
* * * LOW HITPOINT WARNING * * *
The kobold closely misses you.
You miss the kobold.
The kobold is moderately wounded.
You die...

#....?...............
#....................
#.Kg................
#.(..!# .........
##.#### #........ #)#
###.(...... #.#
####.s.(..#...
####.###gb....wg...#
#...((..K@bl.###(.##
#.############ #.#
######.# ... #...<..#
g.# #......####### l#
#.............
#.....<#### ########


You could see a dart slug, a giant cockroach, 2 hobgoblins, 2 bats, a kobold and
a frilled lizard.

Vanquished Creatures
  A gnoll (D:1)
  2 dart slugs (D:1)
  2 leopard geckos (D:1)
  A ball python (D:1)
  A giant cockroach (D:1)
  A goblin (D:2)
  2 hobgoblins (D:1)
  4 jackals (D:1)
  4 bats (D:1)
  A frilled lizard (D:1)
  A kobold (D:1)
  4 rats (D:1)
24 creatures vanquished.

Notes
Turn   | Place    | Note
-------+----------+-------------------------------------------
     0 | D:1      | sieger the Halfling Warper began the quest for the Orb.
     0 | D:1      | Reached XP level 1. HP: 14/14 MP: 3/3
   242 | D:1      | Reached XP level 2. HP: 19/19 MP: 4/4
   438 | D:1      | Reached XP level 3. HP: 24/24 MP: 5/5
  1024 | D:2      | HP: 1/24 [bat (1)]
  1025 | D:2      | Succumbed to a kobold's poison

Illustrated notes

Levels and vault maps discovered:
D:1:      dpeg_arrival_erosion, layout_loops_ring,
          chequers_serial_rivers_micro_c
D:2:      layout_rooms, chequers_serial_rivers_micro_a, minmay_guardbox

Skill      XL: |  1  2  3 |
---------------+----------+-----
Fighting       | 2 |  2.2
Short Blades   | 3 |  3.0
Throwing       | |  1.6
Armour         | |  1.9
Dodging        | |  2.6
Spellcasting   | |  1.5
Translocations | |  3.2

Action                   || total
-------------------------++-------
Melee: Short sword       ||   105
Armor: Chain mail        ||    73
       Leather armour    ||     3
Dodge: Dodged            ||    56
